General information
- name: BNet
- type: Ladder 1vs1/FFA
- host: Battle.net
- saver: BEAR_AND
map: LostTemple
- players: 2
- length: 47:41
- speed: Fast
- version: 1.21 W3XP
- replay type:

» download(168 KB)
Players
team 1 (loser)

»
Free2Kill (
purple | 45 APM | 2145 actions | 47:39)
5 Archmage
2 Summon Water Elemental
2 Brilliance Aura
1 Blizzard
5 Mountain King
3 Storm Bolt
2 Bash
2 Paladin
1 Holy Light
1 Divine Shield
» actions
| Assign group hotkey | 13 | |
| Basic commands | 125 | |
| Build / train | 133 | |
| Enter build submenu | 32 | |
| Enter hero's abilities submenu | 12 | |
| Give item / drop item | 11 | |
| Remove unit from queue | 1 | |
| Right click | 849 | |
| Select / deselect | 777 | |
| Select group hotkey | 10 | |
| Use ability | 182 | |
2145 total
» units
| Peasant | 23 | |
| Footman | 4 | |
| Priest | 7 | |
| Sorceress | 6 | |
| Mortar Team | 10 | |
| Siege Engine | 3 | |
| Spell Breaker | 2 | |
| Dragonhawk Rider | 9 | |
| Goblin Zeppelin | 1 | |
| Goblin Sapper | 3 | |
| Goblin Shredder | 1 | |
69 total
» upgrades
| Lumber Harvesting | 1 | |
| Masonry | 2 | |
| Gunpowder | 4 | |
| Armor | 3 | |
| Priest Training | 2 | |
| Sorceress Training | 2 | |
| Barrage | 1 | |
| Fragmentation Shards | 1 | |
| Cloud | 1 | |
| Plating | 1 | |
| Swords | 1 | |
| Storm Hammers | 1 | |
20 total
» buildings
| Farm | 13 | |
| Altar of Kings | 1 | |
| Barracks | 1 | |
| Keep | 1 | |
| Arcane Vault | 1 | |
| Arcane Sanctum | 2 | |
| Scout Tower | 1 | |
| Lumber Mill | 1 | |
| Blacksmith | 1 | |
| Arcane Tower | 2 | |
| Guard Tower | 4 | |
| Workshop | 2 | |
| Cannon Tower | 3 | |
| Castle | 1 | |
| Town Hall | 3 | |
| Gryphon Aviary | 3 | |
40 total
» build order
00:11 Farm
00:15 Farm
00:41 Altar of Kings
00:53 Barracks
01:54 Farm
02:43 Farm
04:17 Keep
04:25 Farm
05:05 Arcane Vault
05:20 Farm
07:19 Arcane Sanctum
07:25 Arcane Sanctum
07:29 Scout Tower
07:32 Lumber Mill
07:57 Blacksmith
08:02 Arcane Tower
08:14 Farm
08:40 Guard Tower
09:02 Workshop
09:09 Workshop
10:39 Cannon Tower
10:41 Cannon Tower
10:43 Guard Tower
10:44 Guard Tower
12:09 Castle
13:50 Farm
13:55 Farm
14:00 Farm
15:09 Town Hall
16:35 Farm
16:37 Farm
16:40 Farm
22:02 Cannon Tower
22:21 Arcane Tower
22:25 Guard Tower
25:08 Town Hall
26:40 Gryphon Aviary
26:45 Gryphon Aviary
28:22 Gryphon Aviary
31:56 Town Hall
» items
| Ivory Tower | 8 | |
| Periapt of Vitality | 1 | |
| Scroll of Protection | 2 | |
| Orb of Fire | 2 | |
| Staff of Sanctuary | 1 | |
| Scroll of Town Portal | 2 | |
16 total
team 2 (winner)
BEAR_AND (
pink | 136 APM | 6498 actions | 47:41)
5 Archmage
3 Blizzard
2 Brilliance Aura
5 Mountain King
3 Storm Bolt
2 Bash
4 Paladin
2 Holy Light
2 Divine Shield
» actions
| Assign group hotkey | 29 | |
| Basic commands | 11 | |
| Build / train | 166 | |
| Enter build submenu | 82 | |
| Enter hero's abilities submenu | 16 | |
| Give item / drop item | 11 | |
| Remove unit from queue | 2 | |
| Right click | 3155 | |
| Select / deselect | 722 | |
| Select group hotkey | 1963 | |
| Use ability | 340 | |
6498 total
» units
| Peasant | 19 | |
| Priest | 5 | |
| Dragonhawk Rider | 14 | |
| Sorceress | 3 | |
| Mortar Team | 6 | |
| Goblin Shredder | 1 | |
| Goblin Zeppelin | 1 | |
| Siege Engine | -1 | |
48 total
» upgrades
| Masonry | 3 | |
| Priest Training | 2 | |
| Magic Sentry | 1 | |
| Lumber Harvesting | 2 | |
| Cloud | 1 | |
| Animal War Training | 1 | |
| Armor | 3 | |
| Swords | 3 | |
| Sorceress Training | 2 | |
| Gunpowder | 3 | |
| Fragmentation Shards | 1 | |
| Flare | 1 | |
| Plating | 1 | |
24 total
» buildings
| Altar of Kings | 1 | |
| Farm | 8 | |
| Lumber Mill | 2 | |
| Scout Tower | 96 | |
| Arcane Tower | 3 | |
| Guard Tower | 51 | |
| Keep | 1 | |
| Arcane Vault | 2 | |
| Gryphon Aviary | 1 | |
| Arcane Sanctum | 1 | |
| Town Hall | 5 | |
| Castle | 1 | |
| Blacksmith | 1 | |
| Barracks | 1 | |
| Workshop | 2 | |
176 total
» build order
00:16 Altar of Kings
00:21 Farm
00:35 Lumber Mill
00:56 Scout Tower
00:59 Scout Tower
01:40 Farm
01:48 Scout Tower
02:06 Arcane Tower
02:14 Arcane Tower
02:14 Arcane Tower
02:18 Scout Tower
02:28 Guard Tower
02:28 Guard Tower
02:43 Scout Tower
02:45 Guard Tower
02:45 Guard Tower
02:57 Scout Tower
03:13 Guard Tower
03:14 Guard Tower
03:15 Scout Tower
03:34 Guard Tower
03:35 Scout Tower
03:36 Scout Tower
03:49 Guard Tower
03:51 Scout Tower
03:54 Scout Tower
04:11 Keep
04:13 Guard Tower
04:30 Guard Tower
04:31 Scout Tower
04:32 Scout Tower
04:52 Guard Tower
04:54 Scout Tower
04:55 Scout Tower
04:55 Scout Tower
05:02 Guard Tower
05:07 Farm
05:10 Farm
05:11 Scout Tower
05:12 Scout Tower
05:25 Guard Tower
05:27 Scout Tower
05:27 Scout Tower
05:30 Guard Tower
05:36 Farm
05:36 Scout Tower
05:37 Scout Tower
05:49 Arcane Vault
06:27 Guard Tower
06:28 Scout Tower
06:51 Guard Tower
06:53 Scout Tower
07:18 Gryphon Aviary
07:24 Guard Tower
07:44 Arcane Sanctum
07:47 Guard Tower
07:54 Guard Tower
08:03 Guard Tower
09:07 Farm
09:10 Farm
09:28 Town Hall
10:47 Castle
11:03 Scout Tower
11:04 Scout Tower
11:05 Scout Tower
11:06 Scout Tower
11:34 Guard Tower
12:15 Guard Tower
12:42 Guard Tower
12:48 Scout Tower
12:49 Scout Tower
12:50 Scout Tower
12:50 Scout Tower
13:28 Blacksmith
13:29 Barracks
13:56 Guard Tower
13:56 Guard Tower
14:31 Scout Tower
14:33 Scout Tower
14:35 Scout Tower
14:36 Scout Tower
15:18 Guard Tower
19:06 Guard Tower
19:27 Scout Tower
19:27 Scout Tower
19:28 Scout Tower
19:29 Scout Tower
19:30 Scout Tower
19:31 Scout Tower
19:32 Scout Tower
20:19 Scout Tower
20:21 Scout Tower
20:22 Scout Tower
20:23 Scout Tower
20:24 Scout Tower
21:16 Guard Tower
21:36 Guard Tower
23:43 Guard Tower
24:28 Guard Tower
24:55 Town Hall
24:58 Scout Tower
25:24 Scout Tower
25:24 Scout Tower
25:25 Scout Tower
25:25 Scout Tower
25:26 Guard Tower
25:27 Scout Tower
26:19 Guard Tower
26:20 Scout Tower
26:21 Scout Tower
26:21 Scout Tower
26:33 Guard Tower
26:35 Scout Tower
26:37 Scout Tower
26:37 Scout Tower
27:11 Guard Tower
27:26 Guard Tower
27:27 Scout Tower
27:28 Scout Tower
27:28 Scout Tower
27:29 Scout Tower
27:30 Scout Tower
28:00 Guard Tower
28:27 Guard Tower
28:59 Farm
29:01 Workshop
29:10 Town Hall
29:17 Scout Tower
29:17 Scout Tower
29:37 Scout Tower
29:38 Scout Tower
29:39 Scout Tower
29:39 Scout Tower
29:40 Scout Tower
29:40 Scout Tower
29:41 Scout Tower
29:42 Scout Tower
29:44 Guard Tower
30:05 Guard Tower
30:22 Lumber Mill
31:33 Guard Tower
33:36 Workshop
33:50 Arcane Vault
33:54 Guard Tower
34:22 Scout Tower
34:22 Scout Tower
34:24 Scout Tower
34:26 Scout Tower
34:27 Scout Tower
34:27 Scout Tower
35:21 Guard Tower
35:24 Scout Tower
35:27 Guard Tower
35:51 Guard Tower
37:03 Town Hall
37:49 Scout Tower
37:50 Scout Tower
39:15 Guard Tower
39:16 Scout Tower
39:17 Scout Tower
39:17 Scout Tower
39:18 Scout Tower
39:18 Scout Tower
39:18 Scout Tower
39:52 Guard Tower
40:18 Guard Tower
40:19 Scout Tower
40:20 Scout Tower
40:20 Scout Tower
40:21 Scout Tower
40:22 Scout Tower
40:22 Scout Tower
41:46 Guard Tower
46:20 Town Hall
» items
| Scroll of Regeneration | 1 | |
| Staff of Sanctuary | 3 | |
| Boots of Speed | 2 | |
| Staff of Teleportation | 3 | |
| Scroll of Town Portal | 2 | |
11 total
Chat log
(00:04 / All) Free2Kill: hi
(00:09 / All) BEAR_AND: hi
(00:26 / All) Free2Kill: dont rape me plz
(00:28 / All) BEAR_AND: ?
(00:30 / All) Free2Kill: be gentle
(01:12 / All) Free2Kill: where u from?
(01:15 / All) BEAR_AND: toronto
(01:25 / All) Free2Kill: montreal here
(27:39 / All) Free2Kill: wow master tower
(27:44 / All) BEAR_AND: thanks for playing
(27:51 / All) BEAR_AND: http://highper.ch/ for all professional tower replays
(27:56 / All) Free2Kill: lol
(35:17 / All) Free2Kill: ohhhhh
(37:29 / All) Free2Kill: lol
(47:27 / All) Free2Kill: gg
(47:33 / All) Free2Kill: tired l;ol
(47:34 / All) BEAR_AND: thanks for watching
(47:35 / All) BEAR_AND: highper.ch
(47:36 / All) BEAR_AND: clan towa